 Dungeon Crawl Stone Soup version 0.30-a0-279-g4b46babb21 (webtiles) character file.

Game seed: 4790075131584116458

34 purpskrrrp the Shooter (level 3, -2/28 HPs)
             Began as a Formicid Hunter on Oct 16, 2022.
             Slain by Natasha (6 damage)
             ... on level 3 of the Dungeon.
             The game lasted 00:02:30 (1766 turns).

purpskrrrp the Shooter (Formicid Hunter)            Turns: 1766, Time: 00:02:31

Health: -2/28      AC:  3    Str: 15    XL:     3   Next: 50%
Magic:  3/3        EV: 12    Int:  8    God:
Gold:   157        SH:  0    Dex: 19    Spells: 2/2 levels left

rFire   . . .      SeeInvis +    a - +0 shortbow (flame)
rCold   . . .      Faith    .    (no shield)
rNeg    . . .      Spirit   .    c - +0 leather armour
rPois   .          Reflect  .    (helmet unavailable)
rElec   .          Harm     .    k - scarf {shadows}
rCorr   .          Rampage  .    (no gloves)
Will    .....                    (no boots)
Stlth   ++........               (no amulet)
HPRegen 0.24/turn                (no ring)
MPRegen 0.08/turn                (no ring)

@: no status effects
A: permanent stasis, dig shafts and tunnels, antennae 3, four strong arms
a: Dig, Shaft Self


You were on level 3 of the Dungeon.
You visited 1 branch of the dungeon, and saw 3 of its levels.

You collected 157 gold pieces.

Inventory:

Hand Weapons
 a - a +0 shortbow of flaming (weapon)
Armour
 c - a +0 leather armour (worn)
 k - a scarf of shadows (worn)
Scrolls
 b - a scroll of immolation
 f - a scroll of magic mapping
 g - 2 scrolls of enchant armour
 h - a scroll of amnesia
 i - 2 scrolls of teleportation
 l - a scroll of fear {unknown}
 n - 3 scrolls of identify
Potions
 d - a potion of resistance {unknown}
 e - a potion of might {unknown}
 j - 3 potions of flight
 m - a potion of brilliance {unknown}


   Skills:
 + Level 2.6 Fighting
 * Level 4.5 Ranged Weapons
 + Level 2.2 Dodging
 - Level 1.5 Stealth


You had 2 spell levels left.
You didn't know any spells.
Your spell library contained the following spells:

 Spells                   Type           Power      Damage    Failure   Level
 Gell's Gravitas          Tloc           0%         N/A       85%         3
 Ozocubu's Armour         Ice            0%         N/A       85%         3
 Teleport Other           Tloc           0%         N/A       85%         3
 Dispersal                Tloc           0%         N/A       100%        6
 Ozocubu's Refrigeration  Ice            0%         4d7       100%        7


Dungeon Overview and Level Annotations

Branches:
Dungeon (3/15)

Altars:

Annotations:
D:3 Natasha


Innate Abilities, Weirdness & Mutations

You cannot be hasted, slowed, berserked, paralysed or teleported.
You can dig through walls and to a lower floor.
You have a pair of large antennae on your head. (SInv)
Your four strong arms can wield two-handed weapons with a shield.


Message History

You are too injured to fight recklessly!
You are too injured to fight recklessly!
You are too injured to fight recklessly!
You are too injured to fight recklessly!
You are too injured to fight recklessly!
You are too injured to fight recklessly!
You are too injured to fight recklessly!
You are too injured to fight recklessly!
You are too injured to fight recklessly!
You are too injured to fight recklessly!
You are too injured to fight recklessly!
You are too injured to fight recklessly!
You are too injured to fight recklessly!
You are too injured to fight recklessly!
You are too injured to fight recklessly!
Non-targeted abil: Dig
Press: ? - help, Q - select action, (/) - cycle Dir - look around, f - activate
Okay, then.
Unknown command.
Unknown command.
Fire: a) +0 shortbow (flame)
Press: ? - help, Shift-Dir - straight line, f/p - Natasha
Aim: Natasha (almost dead, 58% to hit)
You shoot an arrow. The arrow barely misses Natasha.
Natasha mumbles some strange words.
Natasha shimmers violently.
Natasha misses you.
Fire: a) +0 shortbow (flame)
Press: ? - help, Shift-Dir - straight line, f/p - Natasha
Aim: Natasha (almost dead, 58% to hit)
You shoot an arrow. The arrow misses Natasha.
Natasha claws you.
* * * LOW HITPOINT WARNING * * *
Fire: a) +0 shortbow (flame)
Press: ? - help, Shift-Dir - straight line, f/p - Natasha
Aim: Natasha (almost dead, 58% to hit)
You shoot an arrow.
The arrow hits Natasha but does no damage.
Natasha is almost dead.
Natasha claws you.
You die...

.....###..# #.#..#
...#..#...# ####....#
#####.#..####.......#######
<.................#........
##.##.######.......<#######
#.......# #.###.####
##....#.# .. #.# #.......#
....##.# ........# .....h@#
#.......# ....#...#
#(......# ... ###.#
#.......# .. .# ####....# <
## #>...#


You could see Natasha.

Vanquished Creatures
  An adder (D:3)
  A worm (D:2)
  3 ball pythons (D:2)
  2 endoplasms
  2 giant cockroaches
  A goblin (D:1)
  5 hobgoblins
  A kobold (D:1)
  2 quokkas (D:1)
18 creatures vanquished.

Notes
Turn   | Place    | Note
-------+----------+-------------------------------------------
     0 | D:1      | purpskrrrp the Formicid Hunter began the quest for the Orb.
     0 | D:1      | Reached XP level 1. HP: 16/16 MP: 1/1
   256 | D:1      | Reached XP level 2. HP: 23/23 MP: 2/2
  1013 | D:2      | Reached XP level 3. HP: 28/28 MP: 3/3
  1217 | D:2      | Identified the +1 ring mail of Boiling Hail {rPois rN+
                  | Dex-4}
  1534 | D:2      | Identified a scroll of acquirement
  1534 | D:2      | Acquired a scarf of shadows
  1758 | D:3      | Noticed Natasha
  1766 | D:3      | Slain by Natasha

Illustrated notes

Levels and vault maps discovered:
D:1:      amcnicky_arrival_gap_in_the_tavern_cellar, layout_basic
D:2:      layout_basic
D:3:      gammafunk_wand_slinger, layout_basic, lemuel_tele_altar,
          lightli_corner_chamber, uniq_natasha

Skill      XL: |  1  2 |
---------------+-------+-----
Dodging        | 2 |  2.2
Fighting       | |  2.6
Ranged Weapons | |  4.5
Stealth        | |  1.5

Action                   || total
-------------------------++-------
 Fire: Shortbow          ||    63
  Use: Scroll            ||    10
Armor: Leather armour    ||     6
Dodge: Dodged            ||    14

Table legend: (Time is in decaauts)
 A = Elapsed time spent in this place.
 B = Non-inter-level travel time spent in this place.
 C = Inter-level travel time spent in this place.
 D = Time resting spent in this place.
 E = Time spent auto-exploring this place.
 F = Levels seen in this place.
 G = Mean time per level.
                   A        B        C        D        E       F      G
               +--------+--------+--------+--------+--------+-----+--------+
         Total |   1785 |   1709 |     76 |    100 |   1438 |   3 |  595.0 |
       Dungeon |   1785 |   1709 |     76 |    100 |   1438 |   3 |  595.0 |
               +--------+--------+--------+--------+--------+-----+--------+

Top non-repeatable levels by time:
     D:2: 846 daAuts
     D:1: 811 daAuts
     D:3: 127 daAuts
